 Dungeon Crawl Stone Soup version 0.27-a0-1232-gc6a4cbde82 (webtiles) character file.

Game seed: 8945815099567817206

22 Shayle the Ducker (level 2, -2/29 HPs)
             Began as an Ogre Warper on June 9, 2021.
             Slain by Natasha (6 damage)
             ... on level 1 of the Dungeon.
             The game lasted 00:01:30 (1151 turns).

Shayle the Ducker (Ogre Warper)                     Turns: 1151, Time: 00:01:31

Health: -2/29      AC:  3    Str: 14    XL:     2   Next: 91%
Magic:  5/5        EV: 10    Int: 14    God:
Gold:   17         SH:  0    Dex:  8    Spells: 5/5 levels left

rFire    . . .     SeeInvis .   c - +0 flail
rCold    . . .     Faith    .   (no shield)
rNeg     . . .     Spirit   .   b - +0 robe
rPois    .         Reflect  .   (helmet restricted)
rElec    .         Harm     .   (no cloak)
rCorr    .         Rampage  .   (gloves unavailable)
Will     .....                  (boots unavailable)
Stlth    +.........             (no amulet)
HPRegen  0.09/turn              (no ring)
MPRegen  0.09/turn              (no ring)

@: slowed, very slow
A: large, unfitting armour, tough skin 1
a: no special abilities


You were on level 1 of the Dungeon.
You visited 1 branch of the dungeon, and saw 2 of its levels.

You collected 17 gold pieces.

Inventory:

Hand Weapons
 a - a +0 spear
 c - a +0 flail (weapon)
Missiles
 e - 3 boomerangs of dispersal (quivered)
Armour
 b - a +0 robe (worn)
Jewellery
 g - a +6 ring of dexterity
Scrolls
 d - a scroll of blinking
 h - a scroll of identify {unknown}
Potions
 f - a potion of heal wounds {unknown}


   Skills:
 - Level 2.6 Fighting
 + Level 2.7 Polearms
 - Level 1.0 Throwing
 + Level 2.7 Dodging
 - Level 2.4 Spellcasting
 - Level 2.6 Translocations


You had 5 spell levels left.
You didn't know any spells.
Your spell library contained the following spells:

 Spells                   Type           Power      Damage    Failure   Level
 Blink                    Tloc           N/A        N/A       12%         2
 Gell's Gravitas          Tloc           4%         N/A       22%         3
 Lesser Beckoning         Tloc           4%         N/A       22%         3
 Teleport Other           Tloc           9%         N/A       22%         3
 Manifold Assault         Tloc           9%         N/A       91%         5


Dungeon Overview and Level Annotations

Branches:
Dungeon (2/15)

Altars:

Annotations:
D:1 Natasha


Innate Abilities, Weirdness & Mutations

You are too large for most types of armour.
You have tough skin. (AC +1)


Message History

You thump Natasha!
Natasha is severely wounded.
Natasha casts a spell at you. You resist with significant effort.
Natasha stares at you and mumbles some strange words.
You feel yourself slow down.
Unknown command.
You closely miss Natasha.
Natasha is severely wounded.
Natasha claws you but does no damage. The white imp barely misses you.
Natasha claws you!
Unknown command.
The endoplasm hits you but does no damage.
The white imp barely misses you. Natasha claws you. The endoplasm freezes you.
You are frozen.
You climb upwards.
The white imp disappears in a puff of smoke!
There is a stone staircase leading down here.
You hit Natasha.
Natasha is severely wounded.
Natasha casts a spell at you. The magic dart hits you.
* * * LOW HITPOINT WARNING * * *
The endoplasm hits you but does no damage.
Natasha claws you but does no damage. The endoplasm closely misses you.
You closely miss Natasha.
Natasha is severely wounded.
Natasha stares at you and mumbles some strange words.
You resist with significant effort. The endoplasm misses you.
Natasha misses you.
The endoplasm hits you but does no damage.
Natasha barely misses you.
You closely miss Natasha.
Natasha is severely wounded.
The endoplasm freezes you.
You are frozen.
* * * LOW HITPOINT WARNING * * *
Natasha claws you.
You die...

.......# #.........#
######.# #.#######.# #.#
#.# #.# #.# #.# #####.#
#.# #.# #.....# ### #.#
#.# ###.### ..# #.# #.#
#.# #.####.###########
#.# #.#
.[.............J@# #.#
#.#
#.##############h######.#
#.# #.#
#.................# #.#
#.# #.#####..........##
#.# #.# #.###
#..........# #.# #.#
#...# #..........# ###
#.#######.######'#######
..........##.........#
#'###....###.........#


You could see Natasha and an endoplasm.

Vanquished Creatures
  A dart slug (D:1)
  2 bats (D:1)
  An endoplasm (D:1)
  5 goblins (D:1)
  2 hobgoblins (D:1)
  2 kobolds (D:1)
  A ball python (D:1)
  3 rats (D:1)
17 creatures vanquished.

Notes
Turn   | Place    | Note
-------+----------+-------------------------------------------
     0 | D:1      | Shayle the Ogre Warper began the quest for the Orb.
     0 | D:1      | Reached XP level 1. HP: 22/22 MP: 3/3
   303 | D:1      | Reached XP level 2. HP: 29/29 MP: 5/5
  1142 | D:2      | Noticed Natasha
  1151 | D:1      | Slain by Natasha

Illustrated notes

Levels and vault maps discovered:
D:1:      lightli_arrival_chessboard, layout_basic, minmay_crystal_room
D:2:      layout_rooms, uniq_crazy_yiuf_cottage, uniq_natasha

Action                   || total
-------------------------++-------
Melee: Flail             ||    60
Throw: Boomerang         ||     2
  Use: Potion            ||     1
Armor: Robe              ||    35
Dodge: Dodged            ||    41

Table legend: (Time is in decaauts)
 A = Elapsed time spent in this place.
 B = Non-inter-level travel time spent in this place.
 C = Inter-level travel time spent in this place.
 D = Time resting spent in this place.
 E = Time spent auto-exploring this place.
 F = Levels seen in this place.
 G = Mean time per level.
                   A        B        C        D        E       F      G
               +--------+--------+--------+--------+--------+-----+--------+
         Total |   1178 |   1148 |     30 |    471 |    495 |   2 |  589.0 |
       Dungeon |   1178 |   1148 |     30 |    471 |    495 |   2 |  589.0 |
               +--------+--------+--------+--------+--------+-----+--------+

Top non-repeatable levels by time:
     D:1: 1169 daAuts
     D:2: 8 daAuts
